 Dungeon Crawl Stone Soup version 0.28.0-53-g5a82cb258f (webtiles) character file.

Game seed: 9167653526199061186

258 issech the Chopper (level 5, -1/47 HPs)
             Began as a Minotaur Cinder Acolyte on June 19, 2022.
             Was a High Priest of Ignis.
             Slain by an orc
             ... wielding a +0 trident
              (7 damage)
             ... on level 3 of the Dungeon.
             The game lasted 00:04:51 (2344 turns).

issech the Chopper (Minotaur Cinder Acolyte)        Turns: 2344, Time: 00:04:52

Health: -1/47      AC: 13    Str: 18    XL:     5   Next: 94%
Magic:  5/5        EV:  6    Int: 11    God:    Ignis [*****.]
Gold:   52         SH:  3    Dex:  8    Spells: 6/6 levels left

rFire   + . .      SeeInvis .   h - +2 spear (venom)
rCold   . . .      Faith    .   i - +0 buckler
rNeg    . . .      Spirit   .   d - +3 chain mail
rPois   .          Reflect  .   (helmet restricted)
rElec   .          Harm     .   n - +0 cloak
rCorr   .          Rampage  .   (no gloves)
Will    .....                   (no boots)
Stlth   ..........              (no amulet)
HPRegen 0.15/turn               (no ring)
MPRegen 0.09/turn               (no ring)

@: no status effects
A: horns 2, retaliatory headbutt
a: Renounce Religion, Fiery Armour, Foxfire Swarm, Rising Flame


You were on level 3 of the Dungeon.
You worshipped Ignis.
Ignis was extremely pleased with you.
You visited 1 branch of the dungeon, and saw 3 of its levels.

You collected 52 gold pieces.

Inventory:

Hand Weapons
 h - a +2 spear of venom (weapon)
 o - a +3 quarterstaff of chaos
Missiles
 k - 4 poisoned darts (quivered)
 l - 28 bolts
 m - 35 stones
Armour
 d - a +3 chain mail (worn)
 i - a +0 buckler (worn)
 n - a +0 cloak (worn)
Scrolls
 a - a scroll of immolation {unknown}
 b - a scroll of vulnerability {unknown}
 c - 2 scrolls of identify {unknown}
 g - a scroll of teleportation {unknown}
Potions
 e - 3 potions of magic {unknown}
 f - a potion of ambrosia {unknown}
 j - a potion of might {unknown}
 p - a potion of cancellation {unknown}


   Skills:
 + Level 4.6 Fighting
 + Level 4.7(5.2) Axes
 + Level 3.2(4.4) Polearms
 + Level 3.0 Armour
 + Level 0.4 Dodging
 + Level 0.1 Stealth
 + Level 0.6 Shields
 + Level 1.0 Spellcasting
 + Level 2.7 Fire Magic


You had 6 spell levels left.
You didn't know any spells.
Your spell library contained the following spells:

 Spells                   Type           Power      Damage    Failure   Level
 Scorch                   Fire           12%        2d5       96%         2


Dungeon Overview and Level Annotations

Branches:
Dungeon (3/15)

Altars:


Innate Abilities, Weirdness & Mutations

You have a pair of horns on your head.
You reflexively headbutt those who attack you in melee.


Message History

* * * LOW HITPOINT WARNING * * *
You bump into the rock wall.
You feel less confused.
The orc wizard hits you but does no damage.
The orc hits you but does no damage.
You barely miss the orc wizard. Your headbutt misses the orc wizard.
The orc wizard barely misses you. You furiously retaliate!
You headbutt the orc wizard, but do no damage.
You block the orc's attack.
You hit the orc wizard. Your headbutt misses the orc wizard.
The orc wizard is lightly wounded.
The orc wizard hits you but does no damage.
The orc hits you but does no damage.
You hit the orc wizard.
The orc wizard is poisoned.
You headbutt the orc wizard!
The orc wizard is almost dead.
The orc wizard hits you but does no damage.
The orc hits you from afar with a +0 trident.
* * * LOW HITPOINT WARNING * * *
You hit the orc wizard.
You kill the orc wizard!
You hear some strange, mumbled words.
Something tries to affect you, but you resist.
Your Armour skill increases to level 3!
The orc hits you but does no damage. Something hits you but does no damage.
Things that are here:
a +0 dagger; a +0 robe You miss something.
The orc hits you with a +0 trident!
* * * LOW HITPOINT WARNING * * *
Something hits you but does no damage.
You closely miss something. The orc barely misses you. You furiously retaliate!
You headbutt the orc. Something hits you but does no damage.
You barely miss something. Your headbutt misses something.
You block the orc's attack. Something hits you but does no damage.
The orc hits you but does no damage.
You hit something. The orc hits you but does no damage.
Something hits you but does no damage.
You miss something.
The orc hits you from afar with a +0 trident!
You die...

.## ..(# ...#
####...###
##.........
#...)......#######
#.o.)......#....>.
#{###...####.#####
#@# ..# #.# #.#
..# #.#
##.####.#####.#
#.#
#.............#
#.#
#..###...####.#
#.# .##.....###.#
#.# .............#
#.# ##.#.....###.#
#.# #......## #.#
#.#


You could see an orc.

Vanquished Creatures
  A scorpion (D:2)
  Crazy Yiuf (D:2)
  An orc wizard (D:3)
  Natasha (thrice) (D:2)
  A gnoll (D:1)
  3 adders
  A worm (D:2)
  2 orcs (D:3)
  2 bats
  4 endoplasms
  2 giant cockroaches
  3 goblins
  4 jackals (D:2)
  A quokka (D:1)
  2 ball pythons (D:1)
  3 frilled lizards (D:2)
  3 kobolds
  A rat (D:1)
38 creatures vanquished.

Vanquished Creatures (others)
  A fungus (D:2)
  5 plants (D:1)
6 creatures vanquished.

Grand Total: 44 creatures vanquished

Notes
Turn   | Place    | Note
-------+----------+-------------------------------------------
     0 | D:1      | issech the Minotaur Cinder Acolyte began the quest for the
                  | Orb.
     0 | D:1      | Reached XP level 1. HP: 19/19 MP: 1/1
   485 | D:1      | Reached XP level 2. HP: 27/27 MP: 2/2
   879 | D:2      | Noticed a scorpion
   893 | D:2      | Killed a scorpion
   894 | D:2      | Reached skill level 1 in Armour
   894 | D:2      | Reached XP level 3. HP: 22/34 MP: 3/3
   894 | D:2      | Reached XP level 4. HP: 26/41 MP: 4/4
  1026 | D:2      | Found a runed translucent door.
  1027 | D:2      | Noticed Crazy Yiuf
  1114 | D:2      | Reached skill level 1 in Polearms
  1257 | D:2      | Noticed Natasha
  1269 | D:2      | Killed Natasha
  1582 | D:2      | Noticed Natasha
  1590 | D:2      | Killed Natasha
  1591 | D:2      | Reached XP level 5. HP: 42/47 MP: 5/5
  1704 | D:2      | Noticed Natasha
  1714 | D:2      | Killed Natasha
  2051 | D:2      | Killed Crazy Yiuf
  2344 | D:3      | Slain by an orc

Illustrated notes

Levels and vault maps discovered:
D:1:      minmay_arrival_four_circles, layout_basic,
          chequers_serial_rivers_micro_d, nicolae_grassy_gnolls
D:2:      layout_basic, minmay_door_square, due_unseen_surprise, uniq_natasha,
          uniq_crazy_yiuf_cottage
D:3:      layout_loops_ring, chequers_ecumenical_altar_lobes,
          minmay_misc_feat_roman, uniq_terence

Skill      XL: |  1  2  3  4  5 |
---------------+----------------+-----
Fighting       | 4 |  4.6
Axes           | 4 |  4.7
Armour         | 1 3 |  3.0
Polearms       | 2 3 |  3.2
Dodging        | |  0.4
Stealth        | |  0.1
Shields        | |  0.6
Spellcasting   | |  1.0
Fire Magic     | |  2.7

Action                   |  1- 3 |  4- 6 || total
-------------------------+-------+-------++-------
Melee: Hand axe          |    22 |       ||    22
       Spear             |    13 |    89 ||   102
       Headbutt          |       |    17 ||    17
Armor: Chain mail        |    15 |    65 ||    80
Dodge: Dodged            |    10 |    15 ||    25
Block: Buckler           |     1 |    12 ||    13
